 Dungeon Crawl Stone Soup version 0.31-a0-167-g1c394c0614 (webtiles) character file.

Game seed: 14000911790627071636

47 qw the Chopper (level 3, -1/23 HPs)
             Began as a Gargoyle Fighter on June 14, 2023.
             Slain by a kobold
             ... wielding a +0 short sword
              (2 damage)
             ... on level 2 of the Dungeon.
             The game lasted 00:00:30 (975 turns).

qw the Chopper (Gargoyle Fighter)                    Turns: 975, Time: 00:00:31

Health: -1/23      AC: 10    Str: 21    XL:     3   Next: 70%
Magic:  3/3        EV:  9    Int:  8    God:
Gold:   56         SH:  4    Dex:  9    Spells: 2/2 levels left

rFire   . . .        Y - +0 war axe (heavy)
rCold   . . .        c - +0 buckler
rNeg    + . .        b - +0 scale mail
rPois   inf          (no helmet)
rElec   +            (no cloak)
rCorr   .            (no gloves)
SInv    .            (no boots)
Will    .....        (no amulet) Stlth
                     (no ring)
HPRegen 0.23/turn    (no ring)
MPRegen 0.08/turn

%: no passive effects
@: no status effects
A: sickness immunity, AC +3, negative energy resistance 1, electricity
resistance, torment resistance 1, petrification resistance
a: no special abilities


You were on level 2 of the Dungeon.
You visited 1 branch of the dungeon, and saw 2 of its levels.

You collected 80 gold pieces.
You spent 24 gold pieces at shops.


Innate Abilities, Weirdness & Mutations

You are immune to sickness and miasma.
Your stone body is resilient. (AC +3)
You are immune to poison.
You resist negative energy. (rN+)
You are resistant to electric shocks. (rElec)
You are resistant to unholy torment.
You are immune to petrification.


   Skills:
 - Level 3.2 Fighting
 + Level 3.6 Axes
 - Level 3.2 Armour
 - Level 3.2 Shields


You had 2 spell levels left.
You didn't know any spells.
Your spell library was empty.

Inventory:

Hand Weapons
 f - a +0 flail
 Y - a +0 heavy war axe (weapon)
Armour
 b - a +0 scale mail (worn)
 c - a +0 buckler (worn)
Scrolls
 e - a scroll of vulnerability {unknown}
 h - a scroll of identify
Potions
 a - a potion of attraction {unknown}
 d - a potion of might

Dungeon Overview and Level Annotations

Branches:
Dungeon (2/15)

Altars:

Shops:
D:1 ?


Message History

You kill the orc!
The orc hits you but does no damage. The orc hits you with a +0 whip.
The orc hits you with a +0 dagger.
You barely miss the orc. You closely miss the orc.
The orc hits you but does no damage. x3; The orc barely misses you.
You hit the orc.
The orc is lightly wounded.
You closely miss the orc. The orc barely misses you.
The orc hits you with a +0 dagger. The orc barely misses you. x2
The orc priest calls down the wrath of Beogh upon you.
Beogh smites you!
972 ||| READING scroll of teleportation.
As you read the scroll of teleportation, it crumbles to dust.
You feel strangely unstable. The orc barely misses you.
The orc hits you with a +0 dagger.
You hit the orc.
The orc is heavily wounded.
You slash the orc!
You kill the orc!
Your surroundings suddenly seem different.
A bat and 3 kobolds come into view.
Found three items.
The kobold shouts! x3; You hear an angry hiss.
A ball python comes into view.
The bat barely misses you. You block the kobold's attack.
Enter note:
Enter note:
Enter note: You closely miss the kobold.
You hit the kobold but do no damage. You closely miss the bat.
The bat misses you. The bat hits you but does no damage.
You block the kobold's attack. x2; The kobold hits you but does no damage.
The kobold hits you with a +0 short sword.
You slash the kobold!
You kill the kobold!
You hit the kobold but do no damage. You barely miss the bat.
The bat hits you but does no damage. The bat closely misses you.
The kobold hits you with a +0 short sword.
You die...

#.......#..#
##...
#.............
#.#..?.......?
#...........$.
#.............
#.............
##...~.........
......K.)S.....
#..~~@bK.....
#...~........
##.~~~..#...$
#.....## #..
###..## # ####


You could see a bat, a ball python and 2 kobolds.

Vanquished Creatures
  2 adders (D:2)
  2 orcs (D:2)
  2 ball pythons (D:1)
  3 bats
  5 endoplasms
  2 giant cockroaches
  2 goblins
  A hobgoblin (D:1)
  2 quokkas (D:1)
  2 frilled lizards
  3 kobolds
26 creatures vanquished.

Notes
Turn   | Place    | Note
-------+----------+-------------------------------------------
     0 | D:1      | qw the Gargoyle Fighter began the quest for the Orb.
     0 | D:1      | Reached XP level 1. HP: 14/14 MP: 1/1
     0 | D:1      | 0 ||| qw: Version: 0.2-a-29-g1fa15c8
     0 | D:1      | 0 ||| qw: Game counter: 4993
     0 | D:1      | 0 ||| qw: Always use a shield: true
     0 | D:1      | 0 ||| qw: God list: Okawaru
     0 | D:1      | 0 ||| qw: Allow faded altars: false
     0 | D:1      | 0 ||| qw: Do Orc after D:15 true
     0 | D:1      | 0 ||| qw: Do second Lair branch before Depths: true
     0 | D:1      | 0 ||| qw: Lair rune preference: random
     0 | D:1      | 0 ||| qw: Plans: Normal, Zot:1-4, Slime:5, God:TSO, Crypt,
                  | Tomb, Abyss, Pan, Hells, Win
     0 | D:1      | 0 ||| PLANNING D:1-11
   140 | D:1      | Reached XP level 2. HP: 19/19 MP: 2/2
   219 | D:1      | 219 ||| Stepping ~*~*~tactically~*~*~ (stealth).
   219 | D:1      | Found Pepnir's Magic Scroll Boutique.
   220 | D:1      | 220 ||| Stepping ~*~*~tactically~*~*~ (stealth).
   258 | D:1      | 258 ||| SHOPLISTING scroll of enchant weapon (90 gold, have
                  | 35).
   258 | D:1      | 258 ||| BUYING scroll of identify (24 gold).
   258 | D:1      | Bought a scroll of identify for 24 gold pieces
   258 | D:1      | 258 ||| SHOPLISTING scroll of identify (24 gold, have 11).
   258 | D:1      | 258 ||| SHOPLISTING scroll of teleportation (36 gold, have
                  | 11).
   829 | D:1      | 829 ||| READING scroll labelled UTAITANWIB.
   830 | D:1      | 830 ||| READING scroll labelled WILEHU RISUROBA.
   831 | D:1      | 831 ||| READING 2 scrolls labelled GIAFEI KATAWI.
   834 | D:1      | 834 ||| READING scroll labelled TEYPNY PUZXAG.
   835 | D:1      | 835 ||| READING scroll labelled BEINUN CACKASH.
   885 | D:2      | 885 ||| DROPPING +0 mace.
   886 | D:2      | 886 ||| DROPPING +0 club.
   892 | D:2      | Reached skill level 3 in Axes
   892 | D:2      | Reached XP level 3. HP: 23/23 MP: 3/3
   932 | D:2      | Found a faded altar of an unknown god.
   936 | D:2      | 936 ||| Stepping ~*~*~tactically~*~*~ (stealth).
   960 | D:2      | 960 ||| Stepping ~*~*~tactically~*~*~ (stealth).
   962 | D:2      | 962 ||| Stepping ~*~*~tactically~*~*~ (hiding).
   971 | D:2      | HP: 5/23 [orc priest/divine providence (9)]
   972 | D:2      | 972 ||| READING scroll of teleportation.
   974 | D:2      | HP: 1/23 [kobold/+0 short sword (3)]
   975 | D:2      | Slain by a kobold

Levels and vault maps discovered:
D:1:      lightli_arrival_isolated_outpost, layout_basic, serial_shops, shop
D:2:      cheibrodos_pilgrimage, layout_rooms, chequers_ecumenical_altar_island,
          basic_altar, chequers_serial_rivers_micro_c

Skill      XL: |  1  2 |
---------------+-------+-----
Axes           | 2 3 |  3.6
Fighting       | |  3.2
Armour         | |  3.2
Shields        | |  3.2

Action                     || total
---------------------------++-------
  Melee: War axe           ||    88
    Use: Scroll            ||     6
 Armour: Scale mail        ||    62
  Dodge: Dodged            ||    47
  Block: Buckler           ||    22

Table legend:
 A = Non-vault XP
 B = Vault XP
 C = Vault XP percentage of total XP
 D = Non-vault monster count
 E = Vault monster count
 F = Vault count percentage of total count
                 A         B        C        D         E       F
            +---------+---------+-------+---------+---------+-------
      Total |      63 |       6 |   8.7 |      24 |       2 |   7.7
            +---------+---------+-------+---------+---------+-------
        D:1 |      28 |       0 |   0.0 |      16 |       0 |   0.0
        D:2 |      35 |       6 |  14.6 |       8 |       2 |  20.0
            +---------+---------+-------+---------+---------+-------
